 Dungeon Crawl Stone Soup version 0.32-a0-818-gb728d0252e (webtiles) character file.

Game seed: 134479798058907568

193 whatisthis the Slasher (level 5, 0/39 (43) HPs)
             Began as a Gnoll Reaver on Mar 24, 2024.
             Slain by an orc
             ... wielding a +0 heavy trident
              (7 damage)
             ... on level 3 of the Dungeon.
             The game lasted 00:04:33 (2326 turns).

whatisthis the Slasher (Gnoll Reaver)               Turns: 2326, Time: 00:04:33

HP:   0/39 (43)     AC:  7    Str: 11    XL:     5   Next: 72%
MP:   12/12         EV: 11    Int: 12    God:
Gold: 209           SH:  5    Dex: 13    Spells: 13/14 levels left

rFire   . . .        f - +4 whip
rCold   . . .        (no shield)
rNeg    . . .        m - +0 ring mail
rPois   .            (no helmet)
rElec   .            (no cloak)
rCorr   .            j - +0 pair of gloves
SInv    .            l - +0 pair of boots
Will    .....        o - amulet of reflection
Stlth   +            (no ring)
HPRegen 0.26/turn    (no ring)
MPRegen 0.13/turn

%: reflection
@: drained
A: fangs 1, strong nose, distributed training
a: no special abilities


You were on level 3 of the Dungeon.
You visited 1 branch of the dungeon, and saw 3 of its levels.

You collected 209 gold pieces.

Inventory:

Hand Weapons
 a - a +0 falchion
 f - a +4 whip (weapon)
Missiles
 g - 15 poisoned darts (quivered)
 p - 2 throwing nets
Armour
 j - a +0 pair of gloves (worn)
 l - a +0 pair of boots (worn)
 m - a +0 ring mail (worn)
Jewellery
 o - an amulet of reflection (around neck)
Scrolls
 d - 2 scrolls of teleportation {unknown}
 e - a scroll of fear {unknown}
 i - a scroll of enchant weapon {unknown}
 n - a scroll of torment {unknown}
 r - a scroll of identify {unknown}
 s - a scroll of immolation {unknown}
Potions
 b - a potion of degeneration {unknown}
 c - 4 potions of curing {unknown}
 h - a potion of invisibility {unknown}
 k - a potion of haste {unknown}
 q - a potion of mutation {unknown}
 t - a potion of berserk rage {unknown}


   Skills:
 + Level 4.8 Fighting
 + Level 1.6 Short Blades
 + Level 6.7 Long Blades
 + Level 1.6 Axes
 + Level 1.6 Maces & Flails
 + Level 1.6 Polearms
 + Level 1.6 Staves
 + Level 1.6 Ranged Weapons
 + Level 1.6 Throwing
 + Level 1.6 Armour
 + Level 4.8 Dodging
 + Level 1.6 Stealth
 + Level 1.6 Shields
 + Level 1.6 Unarmed Combat
 + Level 5.2 Spellcasting
 + Level 5.6 Conjurations
 + Level 1.3 Hexes
 + Level 1.3 Summonings
 + Level 1.3 Necromancy
 + Level 1.3 Translocations
 + Level 1.3 Fire Magic
 + Level 1.3 Ice Magic
 + Level 1.3 Air Magic
 + Level 1.3 Earth Magic
 + Level 1.3 Alchemy
 + Level 1.9 Invocations
 + Level 1.6 Evocations
 + Level 1.5 Shapeshifting


You had 13 spell levels left.
You knew the following spells:

 Your Spells              Type           Power      Damage    Failure   Level
a - Kiss of Death         Conj/Necr      44%        2d8       11%         1

Your spell library contained the following spells:

 Spells                   Type           Power      Damage    Failure   Level
 Momentum Strike          Conj/Tloc      22%        3d8       17%         2
 Hailstorm                Conj/Ice       11%        3d6       32%         3


Dungeon Overview and Level Annotations

Branches:
Dungeon (3/15)

Altars:

Annotations:
D:3 2 transporters, Azoth's ghost, amateur HuHu


Innate Abilities, Weirdness & Mutations

You have very sharp teeth.
Your uncanny sense of smell can sniff out nearby items.
Your experience applies equally to all skills.


Message History

Your bite misses the orc priest.
The orc priest is severely wounded.
The orc priest calls down the wrath of Beogh upon you.
Pain shoots through your body!
* * * LOW HITPOINT WARNING * * *
Throw: 15 darts (poison)
Press: ? - help, Q - select action, (/) - cycle Shift-Dir - straight line, f - orc priest
Aim: an orc priest, wielding a +2 mace of protection and wearing a +0 leather armour (severely wounded, 56% to hit)
Okay, then.
Okay, then.
Casting: Kiss of Death (safe; 12% risk of failure)
Confirm with . or Enter, or press ? or * to list all spells.
Aiming: Kiss of Death (safe; 12% risk of failure)
Press: ? - help, Shift-Dir - straight line, f - orc priest
Aim: an orc priest, wielding a +2 mace of protection and wearing a +0 leather armour (severely wounded, 100% to hit)
The fragment of death hits the orc priest!
The orc priest is drained!
You kill the orc priest!
You feel drained.
Unknown command.
The ribbon worm expels a string of sticky webbing.
The stream of webbing hits you but does no damage.
You are caught in a web!
There is a web here.
The web tears apart.
You see here a giant cockroach corpse.
Things that are here:
a +0 short sword; 5 stones
There is a transporter landing site here.
An orc comes into view. It is wielding a +0 heavy trident.
The orc shouts!
The ribbon worm expels a string of sticky webbing.
The stream of webbing misses you. The orc barely misses you.
Press: ? - help, v - describe, . - travel
Here: an orc, wielding a +0 heavy trident and wearing a +0 leather armour The floor.
The orc barely misses you.
The orc hits you from afar with a +0 heavy trident!
You die...

#####...###### .#.# .......##
.............# ...# #........
.....©.©...w.#####...##
#.....#..
#############....#.#..#
#.......
#©...((...WO#.##.#.##.# #.....#
#..##...##..#.##.#.##.###.....#
#.#..#.#..#.#.##...##...#.....#
#.#..#.#..#.#.###.o...........#
#
#..##...##..#.##@>..####......#
#.. ..©.. ..#.#..#...#
##.....### ######...#..#.#
#...†.... #........#.##.#
###....### ##......#...##.#
#.........
###.......#..###.###.#######.
###...######...÷.......# ##
#.......##...##........# #
#######..#.####...<...#


You could see an orc.

Vanquished Creatures
  2 orc priests
  3 gnolls
  4 adders (D:2)
  A ribbon worm (D:2)
  2 dart slugs (D:1)
  6 orcs
  6 bats
  7 endoplasms
  2 giant cockroaches
  3 goblins (D:2)
  2 hobgoblins (D:2)
  2 jackals (D:3)
  5 kobolds
  2 quokkas
  4 ball pythons
  4 frilled lizards
  6 rats
61 creatures vanquished.

Notes
Turn   | Place    | Note
-------+----------+-------------------------------------------
     0 | D:1      | whatisthis the Gnoll Reaver began the quest for the Orb.
     0 | D:1      | Reached XP level 1. HP: 20/20 MP: 6/6
   238 | D:1      | Reached XP level 2. HP: 26/26 MP: 7/7
   944 | D:2      | Reached skill level 5 in Spellcasting
   944 | D:2      | Reached XP level 3. HP: 24/28 MP: 7/9
   957 | D:2      | Reached skill level 1 in Invocations
  1067 | D:1      | Reached skill level 1 in Short Blades
  1067 | D:1      | Reached skill level 1 in Axes
  1067 | D:1      | Reached skill level 1 in Maces & Flails
  1067 | D:1      | Reached skill level 1 in Polearms
  1067 | D:1      | Reached skill level 1 in Staves
  1067 | D:1      | Reached skill level 1 in Ranged Weapons
  1067 | D:1      | Reached skill level 1 in Throwing
  1067 | D:1      | Reached skill level 1 in Armour
  1067 | D:1      | Reached skill level 1 in Stealth
  1067 | D:1      | Reached skill level 1 in Shields
  1067 | D:1      | Reached skill level 1 in Unarmed Combat
  1067 | D:1      | Reached skill level 1 in Evocations
  1152 | D:2      | Reached skill level 1 in Shapeshifting
  1152 | D:2      | Reached XP level 4. HP: 35/38 MP: 11/11
  1211 | D:2      | Reached skill level 1 in Hexes
  1211 | D:2      | Reached skill level 1 in Summonings
  1211 | D:2      | Reached skill level 1 in Necromancy
  1211 | D:2      | Reached skill level 1 in Translocations
  1211 | D:2      | Reached skill level 1 in Fire Magic
  1211 | D:2      | Reached skill level 1 in Ice Magic
  1211 | D:2      | Reached skill level 1 in Air Magic
  1211 | D:2      | Reached skill level 1 in Earth Magic
  1211 | D:2      | Reached skill level 1 in Alchemy
  1415 | D:2      | Reached XP level 5. HP: 31/43 MP: 12/12
  2240 | D:3      | Noticed Azoth's ghost (amateur HuHu)
  2241 | D:3      | Found a transporter.
  2241 | D:3      | Noticed an ogre
  2244 | D:3      | Identified the +9 great mace of the Caustic God {speed,
                  | Will+ Str+5 Int+3}
  2244 | D:3      | Noticed an ogre
  2245 | D:3      | Found a transporter.
  2301 | D:3      | HP: 1/43 [orc priest/nerve-wracking pain (12)]
  2326 | D:3      | Slain by an orc

Illustrated notes

Levels and vault maps discovered:
D:1:      dpeg_arrival_castle, layout_loops_corners
D:2:      cheibrodos_pilgrimage, layout_rooms, skrybe_limestone_x,
          chequers_serial_rivers_small_b
D:3:      layout_rooms, gammafunk_ghost_smash

Skill      XL: |  1  2  3  4 |
---------------+-------------+-----
Spellcasting   | 5 |  5.2
Invocations    | 1 |  1.9
Short Blades   | 1 |  1.6
Axes           | 1 |  1.6
Maces & Flails | 1 |  1.6
Polearms       | 1 |  1.6
Staves         | 1 |  1.6
Ranged Weapons | 1 |  1.6
Throwing       | 1 |  1.6
Armour         | 1 |  1.6
Stealth        | 1 |  1.6
Shields        | 1 |  1.6
Unarmed Combat | 1 |  1.6
Evocations     | 1 |  1.6
Shapeshifting  | 1 |  1.5
Hexes          | 1 |  1.3
Summonings     | 1 |  1.3
Necromancy     | 1 |  1.3
Translocations | 1 |  1.3
Fire Magic     | 1 |  1.3
Ice Magic      | 1 |  1.3
Air Magic      | 1 |  1.3
Earth Magic    | 1 |  1.3
Alchemy        | 1 |  1.3
Fighting       | |  4.8
Long Blades    | |  6.7
Dodging        | |  4.8
Conjurations   | |  5.6

Action                     |  1- 3 |  4- 6 || total
---------------------------+-------+-------++-------
  Melee: Falchion          |    15 |       ||    15
         Bite              |     7 |     9 ||    16
         Whip              |    51 |   114 ||   165
  Throw: Dart              |       |     9 ||     9
   Cast: Kiss of Death     |     1 |     1 ||     2
 Armour: Leather armour    |    32 |    34 ||    66
         Ring mail         |       |    35 ||    35
  Dodge: Dodged            |    30 |    50 ||    80
  Block: Other             |       |     6 ||     6

Table legend: (Time is in decaauts)
 A = Elapsed time spent in this place.
 B = Non-inter-level travel time spent in this place.
 C = Inter-level travel time spent in this place.
 D = Time resting spent in this place.
 E = Time spent auto-exploring this place.
 F = Levels seen in this place.
 G = Mean time per level.
                   A        B        C        D        E       F      G
               +--------+--------+--------+--------+--------+-----+--------+
         Total |   2336 |   2241 |     95 |    125 |   1500 |   3 |  778.7 |
       Dungeon |   2336 |   2241 |     95 |    125 |   1500 |   3 |  778.7 |
               +--------+--------+--------+--------+--------+-----+--------+

Top non-repeatable levels by time:
     D:2: 1031 daAuts
     D:1: 996 daAuts
     D:3: 307 daAuts
